 Dungeon Crawl Stone Soup version 0.21.0-3-g78d12a8 (console) character file.

315 removed the Skirmisher (level 5, -1/70 HPs)
             Began as a Demigod Wanderer on Jan 14, 2018.
             Killed from afar by an orc wizard (4 damage)
             ... with a magic dart
             ... on level 4 of the Dungeon.
             The game lasted 00:06:12 (3081 turns).

removed the Skirmisher (Demigod Wanderer)           Turns: 3081, Time: 00:06:13

Health: -1/70      AC:  4    Str: 20    XL:     5   Next: 99%
Magic:  7/7        EV: 13    Int: 20    God:
Gold:   109        SH:  0    Dex: 13    Spells: 4/4 levels left

rFire    . . .     SeeInvis +   b - +2 short sword (freeze)
rCold    . . .     Gourm    .   (no shield)
rNeg     . . .     Faith    .   c - +0 leather armour
rPois    .         Spirit   .   A - +0 helmet
rElec    .         Reflect  .   (no cloak)
rCorr    .         Harm     .   (no gloves)
MR       .....                  (no boots)
Stlth    ..........             y - amulet of magic regeneration
HPRegen  0.21/turn              I - ring of see invisible
MPRegen  0.35/turn              (no ring)

@: berserking, very quick
A: high mp 1
a: no special abilities


You were on level 4 of the Dungeon.
You were hungry.

You visited 1 branch of the dungeon, and saw 4 of its levels.

You collected 109 gold pieces.

Inventory:

Hand Weapons
 a - a +0 shortbow
 b - a +2 short sword of freezing (weapon)
 f - a +0 dagger
 j - a +0 short sword
Missiles
 d - 15 arrows
 v - 4 throwing nets (quivered)
Armour
 c - a +0 leather armour (worn)
 e - a +0 shield
 A - a +0 helmet (worn)
Jewellery
 y - an amulet of magic regeneration (around neck)
 G - an uncursed amulet of faith {unknown}
 I - a ring of see invisible (left hand)
Scrolls
 k - 3 scrolls of remove curse
 m - a scroll of random uselessness {unknown}
 n - 2 scrolls of identify {unknown}
 p - 2 scrolls of amnesia {unknown}
 r - a scroll of blinking {unknown}
 s - a scroll of enchant weapon {unknown}
 u - a scroll of noise {unknown}
 D - a scroll of magic mapping {unknown}
Potions
 i - 2 potions of berserk rage
 q - a potion of flight {unknown}
 w - 3 potions of haste {unknown}
 C - a potion of brilliance {unknown}
 E - a potion of curing {unknown}
 F - a potion of cancellation {unknown}
Comestibles
 g - 6 rations


   Skills:
 + Level 4.9 Fighting
 - Level 1.7 Bows
 - Level 1.0 Armour
 - Level 3.4 Dodging
 - Level 1.7 Stealth
 - Level 1.0 Shields
 - Level 1.0 Unarmed Combat


You had 4 spell levels left.
You didn't know any spells.

Dungeon Overview and Level Annotations

Branches:
Dungeon (4/15)
 Temple: D:4-7


Innate Abilities, Weirdness & Mutations

You have an increased reservoir of magic. (+10% MP)


Message History

The orc wizard hits you but does no damage.
Unknown command.
Unknown command.
You hit the ogre. You freeze the ogre.
The ogre is lightly wounded.
The ogre hits you with a giant club!!
* * * LOW HITPOINT WARNING * * *
The orc closely misses you. The orc misses you.
Unknown command.
You puncture the ogre! You freeze the ogre.
The ogre is heavily wounded.
The orc wizard closely misses you.
Unknown command.
You puncture the ogre! You freeze the ogre.
You kill the ogre!
The orc misses you. The orc hits you with a mace.
* * * LOW HITPOINT WARNING * * *
The orc wizard points at you and mumbles some strange words.
The magic dart hits you!
You die...

##### #...#
########### #.#.#
#.........# ####.#.#
...###.###.####....#..
##...##......######
#.)o..######....#..
##@o.## ####.#.# ##o##
#.#.# #.# #...# #.#
##.## ##'## #.#
##...## #.# ##.....##
####.# # ##.......##
##....# ..
#.........####...####


You could see an orc wizard and 2 orcs.

Vanquished Creatures
  An ogre (D:4)
  A bullfrog (D:3)
  3 gnolls (D:3)
  4 adders
  An adder skeleton (D:4)
  5 worms
  3 dart slugs
  3 leopard geckos
  A bat (D:3)
  3 giant cockroaches
  8 goblins
  11 hobgoblins
  9 jackals
  7 kobolds
  2 quokkas
  A ball python (D:3)
  5 frilled lizards
  12 rats
80 creatures vanquished.

Vanquished Creatures (others)
  5 toadstools (D:1)
5 creatures vanquished.

Grand Total: 85 creatures vanquished

Notes
Turn   | Place    | Note
-------+----------+-------------------------------------------
     0 | D:1      | removed the Demigod Wanderer began the quest for the Orb.
     0 | D:1      | removed set off with: a +0 leather armour, 4 throwing nets, a +0 shortbow, 25 arrows, a +0 shield, a +0 dagger, a ration
     0 | D:1      | Reached XP level 1. HP: 17/17 MP: 3/3
     6 | D:1      | Reached skill level 2 in Fighting
   113 | D:1      | Reached XP level 2. HP: 24/25 MP: 4/4
   339 | D:1      | Reached skill level 3 in Fighting
   657 | D:1      | Reached XP level 3. HP: 29/31 MP: 5/5
  1512 | D:2      | Reached skill level 4 in Fighting
  1527 | D:2      | Found a sacrificial altar of Ru.
  1528 | D:2      | Found a shadowy altar of Dithmenos.
  1562 | D:2      | Found a white marble altar of Elyvilon.
  1579 | D:2      | Found a hazy altar of Hepliaklqana.
  1998 | D:3      | Reached XP level 4. HP: 40/40 MP: 6/6
  2357 | D:3      | Noticed a bullfrog
  2371 | D:3      | Killed a bullfrog
  2371 | D:3      | Reached XP level 5. HP: 40/46 MP: 7/7
  2996 | D:4      | Noticed an ogre
  3081 | D:4      | Killed an ogre
  3081 | D:4      | HP: 3/70 [orc/mace (3)]
  3081 | D:4      | Killed from afar by an orc wizard

Skill      XL: |  1  2  3  4 |
---------------+-------------+-----
Fighting       | 2 3 4 |  4.9
Dodging        | 3 |  3.4
Bows           | |  1.7
Armour         | |  1.0
Stealth        | |  1.7
Shields        | |  1.0
Unarmed Combat | |  1.0

Action                   |  1- 3 |  4- 6 || total
-------------------------+-------+-------++-------
Melee: Short sword       |    20 |    40 ||    60
       Unarmed           |     1 |       ||     1
 Fire: Shortbow          |   150 |    86 ||   236
Throw: Throwing net      |       |     4 ||     4
  Use: Scroll            |     1 |       ||     1
       Potion            |       |     1 ||     1
 Stab: Sleeping          |     2 |       ||     2
       Held in net/web   |       |     1 ||     1
  Eat: Chunk             |     3 |     3 ||     6
Armor: Leather armour    |     7 |    15 ||    22
       Robe              |     7 |       ||     7
Dodge: Dodged            |    45 |    54 ||    99
